[Event "Titled Tuesday Blitz December 06 Early 2022"]
[White "Garv Gaur"]
[Black "Zhigalko, Sergei"]
[WhiteFideId "45030839"]
[BlackFideId "13502956"]
[WhiteElo "2056"]
[BlackElo "2662"]
[Result "0-1"]
[Round "01"]
[TimeControl "180+1"]
[Date "2022.12.07"]
[WhiteClock "0:00:04"]
[BlackClock "0:00:31"]

1. d4 Nf6 2. Nf3 e6 3. c4 b6 4. g3 Ba6 5. b3 Bb4+ 6. Bd2 Be7 7. Nc3 O-O 8. e4 d5 9. Bd3 c5 10. e5 Nfd7 11. Qc2 cxd4 12. Ne2 h6 13. Nexd4 Nc5 14. Be2 dxc4 15. Bxc4 Bb7 16. O-O Nc6 17. Bc3 Nxd4 18. Nxd4 Qc7 19. Nb5 Qc6 20. f3 Rfd8 21. Rad1 a6 22. Nd4 Qc7 23. Qe2 b5 24. Bd3 Nxd3 25. Rxd3 Bc5 26. Rfd1 Rd5 27. Kg2 Rxe5 28. Qd2 Rd5 29. Ne2 Rad8 30. Qc2 Bf8 31. Rxd5 Rxd5 32. Rxd5 Bxd5 33. Qd3 b4 34. Bb2 Qa5 35. a4 bxa3 36. Bc3 Qb5 37. Qd2 Qxb3 38. Nd4 Qa2 39. Qxa2 Bxa2 40. Nc2 Bb3 41. Na1 Bd5 42. Nc2 a2 43. Kf2 Bc5+ 44. Ke2 f6 45. f4 Kf7 46. Na1 h5 47. Nc2 Kg6 48. h3 Bg2 49. h4 Be4 50. Na1 Kf5 51. Nb3 Bb6 52. Nd2 Bd5 53. Nf3 Bxf3+ 54. Kxf3 Bc7 55. Ba1 e5 56. Bb2 exf4 57. gxf4 Bxf4 0-1


[Site "https://www.chess.com"]

[Event "Titled Tuesday Blitz December 06 Early 2022"]
[White "Gatterer, Florian"]
[Black "Shyaamnikhil P"]
[WhiteFideId "811688"]
[BlackFideId "5024218"]
[WhiteElo "2218"]
[BlackElo "2389"]
[Result "1/2-1/2"]
[Round "01"]
[TimeControl "180+1"]
[Date "2022.12.07"]
[WhiteClock "0:02:03"]
[BlackClock "0:01:30"]

1. c4 f5 2. g3 Nf6 3. Bg2 g6 4. Nc3 Bg7 5. d3 O-O 6. e4 fxe4 7. dxe4 e5 8. Nge2 d6 9. h3 Be6 10. b3 Nc6 11. Be3 1/2-1/2


[Site "https://www.chess.com"]

[Event "Titled Tuesday Blitz December 06 Early 2022"]
[White "Gjestemoen-VonHirsch, Andre"]
[Black "Korchmar, Vasiliy"]
[WhiteFideId "1539531"]
[BlackFideId "24131750"]
[WhiteElo "2198"]
[BlackElo "2370"]
[Result "0-1"]
[Round "01"]
[TimeControl "180+1"]
[Date "2022.12.07"]
[WhiteClock "0:00:03"]
[BlackClock "0:00:57"]

1. b3 d5 2. Bb2 Bg4 3. Nf3 Nf6 4. e3 e6 5. Be2 Bd6 6. h3 Bh5 7. c4 O-O 8. Nc3 c5 9. cxd5 exd5 10. d4 Bxf3 11. Bxf3 cxd4 12. Qxd4 Nc6 13. Qd2 d4 14. exd4 Re8+ 15. Ne2 Bb4 16. Bc3 Bxc3 17. Qxc3 Nxd4 18. Rd1 Nxf3+ 19. Qxf3 Qa5+ 20. Kf1 Qxa2 21. g3 Qa6 22. Re1 Ne4 23. Kg2 Nd2 24. Qg4 Qc6+ 25. f3 Re3 26. Nf4 Rxe1 27. Rxe1 Nxb3 28. Re2 a5 29. Nh5 Qg6 0-1


[Site "https://www.chess.com"]

[Event "Titled Tuesday Blitz December 06 Early 2022"]
[White "Godzwon, Iwo"]
[Black "Bon, Michael"]
[WhiteFideId "21802483"]
[BlackFideId "620696"]
[WhiteElo "2284"]
[BlackElo "2372"]
[Result "1-0"]
[Round "01"]
[TimeControl "180+1"]
[Date "2022.12.07"]
[WhiteClock "0:00:21"]
[BlackClock "0:00:01"]

1. e4 c5 2. Nf3 d6 3. Bb5+ Nd7 4. O-O a6 5. Bd3 Ngf6 6. c3 e5 7. Bc2 Be7 8. d4 O-O 9. Re1 b5 10. Nbd2 Bb7 11. Nf1 Qc7 12. Ng3 Rfe8 13. Bd3 Bf8 14. a4 cxd4 15. cxd4 bxa4 16. Rxa4 exd4 17. Rc4 Qb6 18. Nxd4 Ne5 19. Ra4 Nxd3 20. Qxd3 d5 21. e5 Ne4 22. Nxe4 dxe4 23. Qg3 Rad8 24. Be3 Qg6 25. Qf4 Qh5 26. e6 fxe6 27. Qc7 Qd5 28. Ra5 Qd7 29. Rc1 Bb4 30. Qxd7 Rxd7 31. Ra4 a5 32. h3 Red8 33. Nc2 Rd1+ 34. Rxd1 Rxd1+ 35. Kh2 Bd5 36. Nxb4 axb4 37. Rxb4 Kf7 38. Rb8 Kf6 39. b4 Ke5 40. b5 Rb1 41. b6 g6 42. Rh8 h5 43. Rf8 Kd6 44. Kg3 Ke7 45. Rc8 Kf7 46. Kf4 Rb5 47. Rc7+ Kf8 48. Kg5 e5 49. Kxg6 Rb1 50. Kf6 Ke8 51. g4 Kd8 52. gxh5 1-0


[Site "https://www.chess.com"]

[Event "Titled Tuesday Blitz December 06 Early 2022"]
[White "Golizadeh, Asghar"]
[Black "Harshavardhan G B"]
[WhiteFideId "12505269"]
[BlackFideId "25059009"]
[WhiteElo "2403"]
[BlackElo "2323"]
[Result "0-1"]
[Round "01"]
[TimeControl "180+1"]
[Date "2022.12.07"]
[WhiteClock "0:00:13"]
[BlackClock "0:01:47"]

1. e4 c5 2. Nc3 Nc6 3. Bb5 Nd4 4. Nf3 Nxb5 5. Nxb5 d6 6. d4 cxd4 7. Qxd4 a6 8. Nc3 e5 9. Qd3 Be6 10. O-O Nf6 11. Nd2 Rc8 12. Re1 Be7 13. b3 O-O 14. Bb2 Nd7 15. Rad1 Kh8 16. Nf1 f5 17. Ne3 Nc5 18. Qd2 f4 19. Ned5 f3 20. g3 Bg5 21. Ne3 Rc6 22. h4 Bxh4 23. gxh4 Qxh4 24. b4 Qg5+ 25. Kh2 Rf6 0-1


[Site "https://www.chess.com"]

[Event "Titled Tuesday Blitz December 06 Early 2022"]
[White "Gong, Qianyun"]
[Black "Bryan, Jarod"]
[WhiteFideId "8602425"]
[BlackFideId "2009617"]
[WhiteElo "2199"]
[BlackElo "2097"]
[Result "1-0"]
[Round "01"]
[TimeControl "180+1"]
[Date "2022.12.07"]
[WhiteClock "0:01:24"]
[BlackClock "0:00:09"]

1. e4 Nc6 2. d4 e5 3. d5 Nce7 4. Nc3 Ng6 5. h4 h5 6. Be2 Bc5 7. Bxh5 Qf6 8. Bf3 Nxh4 9. Rh3 d6 10. Rg3 Ng6 11. Bg5 Rh1 12. Kf1 Bd7 13. Bxf6 Nxf6 14. a3 Nh5 15. Bxh5 Rxh5 16. Qxh5 1-0


[Site "https://www.chess.com"]

[Event "Titled Tuesday Blitz December 06 Early 2022"]
[White "Grandelius, Nils"]
[Black "Ovchinnikov, Vsevolod"]
[WhiteFideId "1710400"]
[BlackFideId "24176842"]
[WhiteElo "2617"]
[BlackElo "2376"]
[Result "1-0"]
[Round "01"]
[TimeControl "180+1"]
[Date "2022.12.06"]
[WhiteClock "0:00:18"]
[BlackClock "0:00:02"]

1. c4 Nf6 2. Nf3 g6 3. b4 Bg7 4. Bb2 O-O 5. g3 d5 6. cxd5 Nxd5 7. Bxg7 Kxg7 8. Qb3 f6 9. e4 Nb6 10. d4 Bg4 11. Nbd2 N8d7 12. Bg2 e5 13. d5 c6 14. dxc6 bxc6 15. O-O Qe7 16. Rfc1 Rfc8 17. a4 a5 18. bxa5 Rxa5 19. Bf1 Be6 20. Qd1 Rca8 21. Rxc6 Rxa4 22. Rb1 Bg4 23. Rcxb6 Nxb6 24. Rxb6 Ra1 25. Qb3 R8a7 26. Kg2 Qd7 27. Rb8 Kh6 28. Qe3+ Kg7 29. Qc5 Qe7 30. Qxe7+ Rxe7 31. h3 Be6 32. Bc4 Bxc4 33. Nxc4 Ra4 34. Nd6 Ra6 35. Rd8 Rc6 36. Nd2 h5 37. N2c4 Kh7 38. Ne3 Kg7 39. Nd5 Ra7 40. Ne8+ Kf7 41. Nd6+ Kg7 42. Nb5 Rb7 43. Nbc3 Ra7 44. g4 hxg4 45. hxg4 Rf7 46. Nb5 Rb7 47. Nd6 Ra7 48. Kg3 Raa6 49. Rd7+ Kg8 50. Ne8 Re6 51. Nec7 Rac6 52. Nxe6 Rxe6 53. Ne7+ 1-0


[Site "https://www.chess.com"]

[Event "Titled Tuesday Blitz December 06 Early 2022"]
[White "HSH1987"]
[Black "Le, Tuan Minh"]
[BlackFideId "12401153"]
[WhiteElo "2519"]
[BlackElo "2530"]
[Result "0-1"]
[Round "01"]
[TimeControl "180+1"]
[Date "2022.12.06"]
[WhiteClock "0:00:05"]
[BlackClock "0:00:32"]

1. Nf3 d5 2. g3 Nd7 3. d4 Nb6 4. Bg2 Nf6 5. O-O c6 6. Nbd2 Bf5 7. Re1 h6 8. Nh4 Bh7 9. e4 e6 10. c3 Be7 11. exd5 cxd5 12. Nhf3 Nbd7 13. Qb3 Qc7 14. Nf1 O-O 15. Bf4 Bd6 16. Bxd6 Qxd6 17. Ne5 Rab8 18. a4 Rfc8 19. a5 Qc7 20. Nxd7 Qxd7 21. Nd2 b6 22. axb6 Rxb6 23. Qa3 Rc7 24. Rac1 Qc8 25. Bf1 Bf5 26. Ra1 Qb8 27. Ra2 h5 28. h4 Rcb7 29. b4 Rc7 30. b5 Qc8 31. Rc1 Ne4 32. Nxe4 Bxe4 33. Qb4 Qd8 34. Ra3 Qf6 35. Rca1 Qf3 36. Kh2 Qxf2+ 37. Kh3 Bf5+ 38. g4 hxg4# 0-1


[Site "https://www.chess.com"]

[Event "Titled Tuesday Blitz December 06 Early 2022"]
[White "Han, Yichen"]
[Black "Makhmudov, Shukhrat"]
[WhiteFideId "1054430"]
[BlackFideId "14200775"]
[WhiteElo "2323"]
[BlackElo "2135"]
[Result "1-0"]
[Round "01"]
[TimeControl "180+1"]
[Date "2022.12.07"]
[WhiteClock "0:00:41"]
[BlackClock "0:00:34"]

1. d4 Nf6 2. c4 e6 3. Nf3 d5 4. g3 Bb4+ 5. Nbd2 dxc4 6. Bg2 c3 7. bxc3 Bxc3 8. Rb1 Bxd4 9. Qa4+ Nc6 10. Nxd4 O-O 11. Nxc6 bxc6 12. Bxc6 Bd7 13. Bxd7 Nxd7 14. O-O Nb6 15. Qc6 Rb8 16. Nc4 Nd5 17. Ba3 Rxb1 18. Rxb1 Nc3 19. Bxf8 Nxb1 20. Bb4 Qd1+ 21. Kg2 h5 22. Ne3 Qxe2 23. Qa8+ Kh7 24. Qe4+ g6 25. Qxb1 h4 26. Qe4 h3+ 27. Kxh3 f5 28. Qh4+ Kg8 29. Qd8+ Kf7 30. Qf8# 1-0


[Site "https://www.chess.com"]

[Event "Titled Tuesday Blitz December 06 Early 2022"]
[White "Herman, Daniel"]
[Black "Ozen, Bahadir"]
[WhiteFideId "30935008"]
[BlackFideId "6337058"]
[WhiteElo "1897"]
[BlackElo "2503"]
[Result "1/2-1/2"]
[Round "01"]
[TimeControl "180+1"]
[Date "2022.12.07"]
[WhiteClock "0:00:26"]
[BlackClock "0:00:25"]

1. b3 d6 2. Bb2 e5 3. e3 Nf6 4. d4 Nbd7 5. Nf3 e4 6. Nfd2 d5 7. c4 c6 8. Qc1 Be7 9. Be2 h5 10. h3 h4 11. Ba3 O-O 12. Bxe7 Qxe7 13. Nc3 a6 14. a4 a5 15. O-O Rd8 16. cxd5 cxd5 17. Nb5 Nb8 18. Qc7 Qxc7 19. Nxc7 Ra7 20. Rac1 Nc6 21. Nb5 Ra8 22. Rc5 Be6 23. Rfc1 Kf8 24. f3 exf3 25. Bxf3 Rac8 26. Nf1 Ke7 27. Nh2 g5 28. Ng4 Nxg4 29. hxg4 Nb4 30. Rc7+ Kf6 31. R1c3 Rxc7 32. Rxc7 Rd7 33. Kf2 Rxc7 34. Nxc7 Ke7 35. Ke2 Kd6 36. Nb5+ Ke7 37. Nc7 Kd6 38. Nb5+ Ke7 39. Nc7 1/2-1/2


[Site "https://www.chess.com"]

[Event "Titled Tuesday Blitz December 06 Early 2022"]
[White "Holt, Conrad"]
[Black "Kuznetsov, Mikhail"]
[WhiteFideId "2034387"]
[BlackFideId "4117190"]
[WhiteElo "2592"]
[BlackElo "1981"]
[Result "1-0"]
[Round "01"]
[TimeControl "180+1"]
[Date "2022.12.07"]
[WhiteClock "0:00:15"]
[BlackClock "0:00:05"]

1. d4 Nf6 2. c4 g6 3. Nc3 d5 4. e3 Bg7 5. Qb3 dxc4 6. Bxc4 O-O 7. Nf3 a6 8. O-O b5 9. Be2 Be6 10. Qc2 Nbd7 11. e4 c5 12. d5 Bg4 13. e5 Ne8 14. e6 fxe6 15. dxe6 Bxe6 16. Qe4 Nc7 17. Ng5 Bf5 18. Qh4 Nf6 19. Rd1 Qe8 20. Bf4 Ne6 21. Nxe6 Bxe6 22. Bf3 Rd8 23. Re1 Bf5 24. Re5 c4 25. Rae1 Rf7 26. Nd5 Nxd5 27. Bxd5 Bxe5 28. Bxf7+ Qxf7 29. Bxe5 Rd5 30. Bc3 e6 31. Qf4 Qf8 32. a3 Qd8 33. g4 Bc2 34. Kg2 Rd1 35. Rxd1 Bxd1 36. Kg3 Qd5 37. Qb8+ Kf7 38. Qc7+ Ke8 39. Qc8+ Kf7 40. Qc7+ Ke8 41. Qf4 Qd3+ 42. Kh4 Qf3 43. Qb8+ Kf7 44. Qa7+ Ke8 45. Qb8+ Kf7 46. Qc7+ Ke8 47. Qc8+ Ke7 48. Bb4+ Kf6 49. Qd8+ Kg7 50. Bc3+ Kf7 51. Qd7+ Kf8 52. Bb4+ Kg8 53. Qe8+ Kg7 54. Bc3+ e5 55. Bxe5+ Kh6 56. g5# 1-0


[Site "https://www.chess.com"]

[Event "Titled Tuesday Blitz December 06 Early 2022"]
[White "Hristodoulou, Panagiotis"]
[Black "Bashirli, Saadat"]
[WhiteFideId "4214340"]
[BlackFideId "13429990"]
[WhiteElo "2272"]
[BlackElo "1408"]
[Result "1-0"]
[Round "01"]
[TimeControl "180+1"]
[Date "2022.12.07"]
[WhiteClock "0:00:05"]
[BlackClock "0:00:06"]

1. e4 c5 2. Nf3 g6 3. d4 cxd4 4. Nxd4 Nc6 5. c4 Nf6 6. Nc3 Nxd4 7. Qxd4 d6 8. Be2 Bg7 9. Be3 O-O 10. Qd2 a5 11. f3 a4 12. Rd1 Qa5 13. O-O Be6 14. f4 Rfc8 15. b3 axb3 16. axb3 Ng4 17. Bd4 Bxd4+ 18. Qxd4 Qc5 19. Qxc5 Rxc5 20. Bxg4 Bxg4 21. Ra1 Rca5 22. Rxa5 Rxa5 23. f5 gxf5 24. h3 Bh5 25. exf5 e6 26. g4 Re5 27. Rf3 Re1+ 28. Kf2 Rh1 29. gxh5 exf5 30. h6 f4 31. Nd5 Rd1 32. Nxf4 Rd2+ 33. Ke3 Rb2 34. Ke4 Rd2 35. Nd5 Re2+ 36. Kf4 Re6 37. Rg3+ Kf8 38. Kf5 Rxh6 39. Nf4 Ke7 40. Nd5+ Kd7 41. Nf6+ Ke7 42. Ng8+ Kf8 43. Nxh6 f6 44. Ke6 d5 45. Rg8# 1-0


[Site "https://www.chess.com"]

[Event "Titled Tuesday Blitz December 06 Early 2022"]
[White "Ibarra Jerez, Jose Carlos"]
[Black "Przybylski, Wojciech"]
[WhiteFideId "2226332"]
[BlackFideId "1117599"]
[WhiteElo "2638"]
[BlackElo "2217"]
[Result "1-0"]
[Round "01"]
[TimeControl "180+1"]
[Date "2022.12.07"]
[WhiteClock "0:00:28"]
[BlackClock "0:00:22"]

1. e4 e5 2. Nf3 Nc6 3. Bb5 Nf6 4. O-O Nxe4 5. d4 Nd6 6. dxe5 Nxb5 7. a4 Nbd4 8. Nxd4 d5 9. Nxc6 bxc6 10. Nd2 Be7 11. Nb3 O-O 12. Be3 f6 13. exf6 Rxf6 14. Bg5 Rg6 15. Bxe7 Qxe7 16. Re1 Qg5 17. g3 Bg4 18. Qd2 Qh5 19. Re7 Bf3 20. Nd4 Be4 21. f3 Bxf3 22. Nxf3 Qxf3 23. Rf1 Qg4 24. Qf2 h5 25. Rxc7 h4 26. Qf7+ Kh7 27. Rf4 Qd1+ 28. Kg2 Qxc2+ 29. Kh3 Rh6 30. Qxg7# 1-0


[Site "https://www.chess.com"]

[Event "Titled Tuesday Blitz December 06 Early 2022"]
[White "Ilkhomi, Jaloliddin"]
[Black "Sava, Christiansen-Danut-Eugen"]
[WhiteFideId "14700948"]
[BlackFideId "1210114"]
[WhiteElo "2045"]
[BlackElo "1904"]
[Result "1/2-1/2"]
[Round "01"]
[TimeControl "180+1"]
[Date "2022.12.07"]
[WhiteClock "0:00:31"]
[BlackClock "0:00:25"]

1. d4 Nf6 2. Nf3 g6 3. Nc3 d5 4. Bf4 Bg7 5. e3 O-O 6. Be2 a6 7. O-O c5 8. Ne5 Nbd7 9. Nb1 Ne4 10. Nxd7 Bxd7 11. c3 Qb6 12. Qb3 Qc6 13. f3 Nd6 14. Nd2 c4 15. Qc2 b5 16. e4 a5 17. Rfe1 b4 18. exd5 Qxd5 19. Bxd6 Qxd6 20. Nxc4 Qc7 21. Rac1 Bf5 22. Bd3 Bxd3 23. Qxd3 bxc3 24. bxc3 Rfc8 25. Ne5 Qd6 26. f4 e6 27. c4 Rab8 28. Red1 Rb2 29. Rd2 Rb4 30. Qc3 Bxe5 31. fxe5 Qb6 32. Kh1 Rbxc4 33. Qxc4 Rxc4 34. Rcd1 Rb4 35. h3 Rb1 36. d5 Rxd1+ 37. Rxd1 exd5 38. Rxd5 Qb1+ 39. Kh2 Qxa2 40. Rd8+ Kg7 41. Rd6 Qe2 42. Rd5 a4 43. Ra5 a3 44. Rxa3 Qxe5+ 45. Rg3 h5 46. h4 Qf4 47. Kh3 Kh6 48. Rf3 Qg4+ 49. Kh2 f5 50. Rh3 g5 51. hxg5+ Kxg5 52. Rg3 h4 53. Rxg4+ fxg4 54. Kg1 Kf4 55. Kf2 Ke4 56. Ke2 g3 57. Kf1 Ke3 58. Kg1 Ke2 59. Kh1 Ke3 60. Kg1 Kf4 61. Kh1 Kg4 62. Kg1 h3 63. Kh1 hxg2+ 64. Kxg2 Kf4 65. Kg1 Kf3 66. Kf1 Kg4 67. Kg2 Kh4 68. Kg1 Kh3 69. Kh1 Kg4 70. Kg2 1/2-1/2


[Site "https://www.chess.com"]

[Event "Titled Tuesday Blitz December 06 Early 2022"]
[White "Jobava, Baadur"]
[Black "Turzo, Attila"]
[WhiteFideId "13601520"]
[BlackFideId "704954"]
[WhiteElo "2582"]
[BlackElo "2500"]
[Result "1-0"]
[Round "01"]
[TimeControl "180+1"]
[Date "2022.12.06"]
[WhiteClock "0:00:19"]
[BlackClock "0:00:09"]

1. d4 Nf6 2. Nc3 d5 3. Bf4 a6 4. e3 Bf5 5. Bd3 Bg6 6. Nf3 e6 7. Ne5 c5 8. O-O Nc6 9. Nxc6 bxc6 10. h3 cxd4 11. exd4 c5 12. Ne2 Be7 13. dxc5 Bxc5 14. c3 O-O 15. b4 Bd6 16. Re1 Qc7 17. Bxd6 Qxd6 18. a3 Rfc8 19. Rc1 Bxd3 20. Qxd3 Rc4 21. Nd4 Rac8 22. Rc2 Ne4 23. Rec1 Qc7 24. Ne2 Qe5 25. Qe3 Qg5 26. Qxg5 Nxg5 27. f3 h6 28. Kf2 Kf8 29. Rd2 Ke7 30. Re1 Nh7 31. Rd4 Nf6 32. Rxc4 Rxc4 33. Ke3 Kd6 34. Kd2 e5 35. Nc1 d4 36. cxd4 Rxd4+ 37. Kc2 Nd5 38. Nb3 Rc4+ 39. Kd2 Nf4 40. Rg1 Kd5 41. h4 Ne6 42. h5 f5 43. Na5 Rc7 44. Rd1 Nd4 45. Rc1 Rxc1 46. Kxc1 Ne2+ 47. Kd2 Ng3 48. a4 Nxh5 49. Nb3 Nf6 50. Nc5 a5 51. Nd3 axb4 52. Nxb4+ Kc4 53. Nd3 Nd7 54. Ke3 Kd5 55. a5 f4+ 56. Kd2 Nb8 57. Kc3 Na6 58. Nb4+ Nxb4 59. Kxb4 Kc6 60. a6 g5 61. Kc4 Kb6 62. Kd5 Kxa6 63. Kxe5 Kb5 64. Kf5 Kc4 65. Kg6 Kd3 66. Kxh6 Ke2 67. Kxg5 Kf2 68. Kxf4 Kxg2 69. Kg4 Kf2 70. f4 1-0


[Site "https://www.chess.com"]

[Event "Titled Tuesday Blitz December 06 Early 2022"]
[White "Kashtanov, Ruslan"]
[Black "Bacrot, Etienne"]
[WhiteFideId "4124871"]
[BlackFideId "605506"]
[WhiteElo "2276"]
[BlackElo "2667"]
[Result "0-1"]
[Round "01"]
[TimeControl "180+1"]
[Date "2022.12.07"]
[WhiteClock "0:00:07"]
[BlackClock "0:00:57"]

1. d4 Nf6 2. c4 g6 3. Nc3 d6 4. e4 Bg7 5. Nf3 O-O 6. Be2 Nc6 7. d5 Nb8 8. Be3 c6 9. Nd2 Nbd7 10. Rc1 Ne5 11. h3 e6 12. f4 Ned7 13. dxe6 fxe6 14. O-O Qe7 15. Bf3 a6 16. b4 Kh8 17. Nb3 e5 18. f5 gxf5 19. exf5 e4 20. Be2 Ne5 21. g4 Bd7 22. Qd2 Rae8 23. Rcd1 Rg8 24. Qxd6 Qf7 25. Nc5 Bf8 26. Qc7 Nexg4 27. hxg4 Nxg4 28. Bxg4 Rxg4+ 29. Kf2 Bxc5 30. Qxd7 Rf4+ 31. Ke2 Qxd7 32. Rxd7 Bxe3 33. Rxf4 Bxf4 34. f6 e3 35. f7 Rf8 36. Rxb7 Kg7 37. a4 h5 38. Ne4 h4 39. Kf3 h3 40. Nd6 e2 41. Nf5+ Kf6 0-1


[Site "https://www.chess.com"]

[Event "Titled Tuesday Blitz December 06 Early 2022"]
[White "Kravtsiv, Martyn"]
[Black "Osinovsky, Stepan"]
[WhiteFideId "14113147"]
[BlackFideId "4157354"]
[WhiteElo "2695"]
[BlackElo "2222"]
[Result "1-0"]
[Round "01"]
[TimeControl "180+1"]
[Date "2022.12.07"]
[WhiteClock "0:02:13"]
[BlackClock "0:00:18"]

1. e4 e5 2. Nf3 Nc6 3. Nc3 Nf6 4. a4 Bb4 5. Bd3 h6 6. O-O d6 7. Nd5 Nxd5 8. exd5 Ne7 9. c3 Nxd5 10. cxb4 Nxb4 11. Bb1 O-O 12. d4 Bg4 13. dxe5 Bxf3 14. Qxf3 dxe5 15. Qe4 Nc6 16. Qh7# 1-0


[Site "https://www.chess.com"]

[Event "Titled Tuesday Blitz December 06 Early 2022"]
[White "Kukreja, Sankalp"]
[Black "Dardha, Daniel"]
[WhiteFideId "45027676"]
[BlackFideId "240990"]
[WhiteElo "2154"]
[BlackElo "2528"]
[Result "0-1"]
[Round "01"]
[TimeControl "180+1"]
[Date "2022.12.07"]
[WhiteClock "0:00:05"]
[BlackClock "0:01:05"]

1. e4 c6 2. d4 d5 3. exd5 cxd5 4. c4 Nf6 5. Nc3 Nc6 6. Nf3 e6 7. c5 Be7 8. Bb5 Bd7 9. Bf4 O-O 10. O-O b6 11. Bxc6 Bxc6 12. Ne5 Qe8 13. b4 bxc5 14. bxc5 Rc8 15. h3 Nd7 16. Rb1 Nxe5 17. Bxe5 f6 18. Bg3 Qd7 19. Re1 Rfe8 20. Qd3 Bf8 21. Nb5 e5 22. dxe5 fxe5 23. Bxe5 Bxc5 24. Nd4 Rf8 25. Rbc1 Bb6 26. Rc2 Ba4 27. Rd2 Rce8 28. f4 Bb5 29. Qg3 Bc4 30. Kh2 Rf7 31. Nf3 Rfe7 32. Qh4 h6 33. Rc1 Qf5 34. Qg3 Kh7 35. Nh4 Qf7 36. Re1 Ba5 37. Rdd1 Bxe1 38. Rxe1 Bxa2 39. Qd3+ Kg8 40. Nf5 Re6 41. Nxg7 Rxe5 42. Rxe5 Rxe5 43. fxe5 Qxg7 44. Qa6 Qxe5+ 45. Kh1 Bc4 46. Qc8+ Kf7 47. Qb7+ Qe7 48. Qb2 0-1


[Site "https://www.chess.com"]

[Event "Titled Tuesday Blitz December 06 Early 2022"]
[White "Larina, Maria"]
[Black "Demin, Vladimir"]
[WhiteFideId "24113182"]
[BlackFideId "4167457"]
[WhiteElo "1848"]
[BlackElo "2560"]
[Result "0-1"]
[Round "01"]
[TimeControl "180+1"]
[Date "2022.12.07"]
[WhiteClock "0:00:01"]
[BlackClock "0:00:19"]

1. e4 e5 2. Nf3 Nc6 3. Nc3 Nf6 4. Bb5 Bb4 5. O-O O-O 6. d3 d6 7. Ne2 Bc5 8. c3 Ne7 9. Ng3 c6 10. Ba4 Ng6 11. h3 b5 12. Bc2 Bb6 13. Be3 Bxe3 14. fxe3 Rb8 15. Nf5 d5 16. Qe1 Be6 17. Ng5 dxe4 18. dxe4 Qb6 19. Nxe6 fxe6 20. Ng3 Rfd8 21. Bb3 c5 22. Kh2 a5 23. a4 c4 24. Bc2 b4 25. Rd1 b3 26. Bb1 Qc6 27. Qe2 Rxd1 28. Rxd1 Qxa4 29. Nh5 Nxh5 30. Qxh5 Qe8 31. Qg5 Qe7 32. Qh5 a4 33. g4 a3 34. bxa3 Qxa3 35. Rf1 Qe7 36. g5 Rf8 37. Rxf8+ Qxf8 0-1


[Site "https://www.chess.com"]

[Event "Titled Tuesday Blitz December 06 Early 2022"]
[White "Lauridsen, Jesper Morch"]
[Black "Eynullayev, Atilla"]
[WhiteFideId "1401890"]
[BlackFideId "13413570"]
[WhiteElo "2259"]
[BlackElo "2181"]
[Result "1/2-1/2"]
[Round "01"]
[TimeControl "180+1"]
[Date "2022.12.07"]
[WhiteClock "0:00:14"]
[BlackClock "0:00:06"]

1. e4 c5 2. d4 cxd4 3. c3 dxc3 4. Nxc3 Nc6 5. Nf3 e6 6. Bc4 d6 7. O-O Nf6 8. Qe2 Be7 9. Rd1 e5 10. Bg5 O-O 11. h3 Be6 12. Bxf6 Bxf6 13. Nd5 Rc8 14. Rac1 Na5 15. Nxf6+ Qxf6 16. Bd5 Nc6 17. Bxc6 Rxc6 18. Rxc6 bxc6 19. Rxd6 Qe7 20. Qd2 Bd5 21. Qb4 Bxe4 22. Ng5 Bd5 23. Nxh7 Kxh7 24. Rh6+ Kxh6 25. Qxe7 Rb8 26. Qh4+ Kg6 27. Qg3+ Kh7 28. Qxe5 Rb6 29. b3 a5 30. Kh2 Rb4 31. Qc7 a4 32. Qa5 Re4 33. f3 Re2 34. Qxa4 Bxf3 35. Kg3 Bxg2 36. Qg4 Rxa2 37. Qf5+ Kg8 38. Qc8+ Kh7 39. Qf5+ Kg8 40. Qc8+ Kh7 41. Qf5+ 1/2-1/2


[Site "https://www.chess.com"]

[Event "Titled Tuesday Blitz December 06 Early 2022"]
[White "Lawson, Eric"]
[Black "Palacio,Igor Da Paz"]
[WhiteFideId "2604116"]
[BlackFideId "2121140"]
[WhiteElo "2570"]
[BlackElo "2126"]
[Result "1-0"]
[Round "01"]
[TimeControl "180+1"]
[Date "2022.12.07"]
[WhiteClock "0:00:26"]
[BlackClock "0:00:01"]

1. d4 Nf6 2. Bg5 c5 3. d5 Qb6 4. Nc3 Qxb2 5. Bd2 Qb6 6. e4 d6 7. Rb1 Qd8 8. f4 g6 9. Nf3 Bg7 10. Bb5+ Nfd7 11. a4 a6 12. Bd3 O-O 13. h4 Nf6 14. h5 Nxh5 15. f5 Nd7 16. g4 Nhf6 17. Rh4 Ne5 18. Nxe5 dxe5 19. Qf3 Rb8 20. Kf2 h5 21. gxh5 Nxh5 22. Rg1 e6 23. Rxh5 exf5 24. exf5 e4 25. Nxe4 c4 26. f6 cxd3 27. fxg7 Kxg7 28. Bh6+ Kg8 29. Nf6+ 1-0


[Site "https://www.chess.com"]

[Event "Titled Tuesday Blitz December 06 Early 2022"]
[White "Lehtosaari, Mauri"]
[Black "Xiong, Jeffery"]
[WhiteFideId "501999"]
[BlackFideId "2047640"]
[WhiteElo "2505"]
[BlackElo "2726"]
[Result "0-1"]
[Round "01"]
[TimeControl "180+1"]
[Date "2022.12.06"]
[WhiteClock "0:00:17"]
[BlackClock "0:01:23"]

1. d4 Nf6 2. c4 c5 3. e3 cxd4 4. exd4 d5 5. Nc3 g6 6. Bg5 Bg7 7. Bxf6 Bxf6 8. Nxd5 Bg7 9. Nf3 O-O 10. Be2 Nc6 11. O-O e6 12. Nc3 Nxd4 13. Rc1 Nxe2+ 14. Qxe2 a6 15. Rfd1 Qc7 16. b3 Bd7 17. Qe3 Rad8 18. h4 Qa5 19. a4 Bc8 20. Ne4 Qc7 21. Qg5 f5 22. Rxd8 Qxd8 23. Qxd8 Rxd8 24. Nc5 b6 0-1


[Site "https://www.chess.com"]

[Event "Titled Tuesday Blitz December 06 Early 2022"]
[White "Liang, Justin"]
[Black "Topalov, Aleksandar"]
[WhiteFideId "2099942"]
[BlackFideId "925659"]
[WhiteElo "2618"]
[BlackElo "2151"]
[Result "1-0"]
[Round "01"]
[TimeControl "180+1"]
[Date "2022.12.07"]
[WhiteClock "0:00:05"]
[BlackClock "0:00:01"]

1. d4 Nf6 2. c4 c5 3. d5 d6 4. Nc3 g6 5. e4 Bg7 6. f3 O-O 7. Be3 e6 8. Qd2 exd5 9. cxd5 a6 10. a4 Nbd7 11. Nge2 h5 12. h4 Nh7 13. Nf4 Ne5 14. Be2 Re8 15. g3 Bd7 16. a5 Rb8 17. Na4 Bxa4 18. Rxa4 b5 19. axb6 Rxb6 20. Kf2 Rxb2 21. Qd1 Nf6 22. Nd3 Nxd3+ 23. Qxd3 Nd7 24. Rxa6 Ne5 25. Qa3 Qb8 26. Ra1 Nc4 27. Ra8 Nxa3 28. Rxb8 Rexb8 29. Rxa3 Rc2 30. Ke1 Rb1+ 31. Bd1 Rh2 32. Rd3 Rh1+ 33. Ke2 Rh2+ 34. Ke1 Bc3+ 35. Rxc3 Rh1+ 36. Ke2 Rbxd1 37. Bf2 Rc1 38. Ra3 Rc2+ 39. Ke3 Rh2 40. Bg1 Rhg2 41. Ra1 Rxg3 42. Kf4 Rh3 43. e5 Rc4+ 44. Kg5 1-0


[Site "https://www.chess.com"]

[Event "Titled Tuesday Blitz December 06 Early 2022"]
[White "Lopez Del Alamo, Antonio"]
[Black "Koellner, Ruben Gideon"]
[WhiteFideId "2227339"]
[BlackFideId "12993093"]
[WhiteElo "2175"]
[BlackElo "2303"]
[Result "0-1"]
[Round "01"]
[TimeControl "180+1"]
[Date "2022.12.07"]
[WhiteClock "0:00:07"]
[BlackClock "0:01:42"]

1. e4 d6 2. d4 Nf6 3. Nc3 e5 4. Nf3 Nbd7 5. Bc4 Be7 6. a4 c6 7. O-O h6 8. Re1 Qc7 9. h3 Nf8 10. b3 g5 11. Bd3 Ng6 12. Ne2 g4 13. hxg4 Bxg4 14. Ng3 Nh4 15. Be2 Bxf3 16. Bxf3 O-O-O 17. Bg4+ Kb8 18. Bh3 Rdg8 19. Bb2 h5 20. c4 Ng4 21. b4 Ng6 22. c5 Nf4 23. cxd6 Bxd6 24. dxe5 Bxe5 25. Bxe5 Qxe5 26. Bxg4 Rxg4 27. Ra3 Rhg8 28. Rd3 Nxd3 29. Qxd3 h4 30. Nf5 Rxg2+ 31. Kf1 Rg1+ 32. Ke2 Qb2+ 33. Kf3 Rxe1 34. Qd6+ Ka8 0-1


[Site "https://www.chess.com"]